 Dungeon Crawl Stone Soup version 0.30-a0-381-g6ea064c7b4 (webtiles) character file.

Game seed: 11877251085378165243

61 qeuew the Conjurer (level 3, -1/23 (28) HPs)
             Began as a Demonspawn Reaver on Dec 1, 2022.
             Slain by a ball python (2 damage)
             ... on level 2 of the Dungeon.
             The game lasted 00:01:30 (1348 turns).

qeuew the Conjurer (Demonspawn Reaver)              Turns: 1348, Time: 00:01:31

HP:   -1/23 (28)    AC:  3    Str: 14    XL:     3   Next: 83%
MP:   6/7           EV:  8    Int: 14    God:
Gold: 68            SH:  0    Dex: 11    Spells: 6/7 levels left

rFire   . . .      SeeInvis .    a - +0 mace
rCold   . . .      Faith    .    (no shield)
rNeg    . . .      Spirit   .    b - +0 leather armour
rPois   .          Reflect  .    (no helmet)
rElec   .          Harm     .    (no cloak)
rCorr   .          Rampage  .    (no gloves)
Will    .....                    (no boots)
Stlth   +.........               (no amulet)
HPRegen 0.23/turn                (no ring)
MPRegen 0.10/turn                (no ring)

@: constricted, heavily drained
A: claws 1, demonic magic 1
a: no special abilities


You were on level 2 of the Dungeon.
You visited 1 branch of the dungeon, and saw 2 of its levels.

You collected 68 gold pieces.

Inventory:

Hand Weapons
 a - a +0 mace (weapon)
Armour
 b - a +0 leather armour (worn)
Scrolls
 c - a scroll of amnesia
 e - a scroll of identify


   Skills:
 + Level 2.3 Fighting
 + Level 2.9 Maces & Flails
 + Level 0.7 Armour
 + Level 2.1 Dodging
 * Level 2.7 Spellcasting
 + Level 3.2 Conjurations
 + Level 1.0 Necromancy


You had 6 spell levels left.
You knew the following spells:

 Your Spells              Type           Power      Damage    Failure   Level
a - Kiss of Death         Conj/Necr      28%        2d7       12%         1

Your spell library contained the following spells:

 Spells                   Type           Power      Damage    Failure   Level
 Momentum Strike          Conj/Tloc      12%        3d8       22%         2
 Blink                    Tloc           2%         N/A       38%         2
 Hailstorm                Conj/Ice       6%         3d4       41%         3
 Stone Arrow              Conj/Erth      12%        3d7       41%         3
 Animate Armour           Summ/Erth      2%         N/A       95%         4
 Manifold Assault         Tloc           1%         N/A       95%         4
 Storm Form               Tmut/Air       0%         N/A       100%        7
 Lehudib's Crystal Spear  Conj/Erth      3%         10d2      100%        8


Dungeon Overview and Level Annotations

Branches:
Dungeon (2/15)

Altars:

Shops:
D:1 [[*[(

Annotations:
D:2 Natasha


Innate Abilities, Weirdness & Mutations

You have sharp fingernails.
Spells you cast may paralyse adjacent enemies.


Message History

You are too injured to fight recklessly!
You are too injured to fight recklessly!
You are too injured to fight recklessly!
Unknown command.
Aiming: Kiss of Death (safe; 12% risk of failure)
Press: ? - help, Q - select action Shift-Dir - straight line, f - Natasha
Aim: Natasha (100% to hit)
The negative energy hits Natasha!
Natasha is drained!
Natasha is severely wounded.
You feel drained. Malevolent energies surge around you.
The shadow imp suddenly stops moving!
The shadow imp shouts, "Away with thee, thou pandering fool-headed hugger-mugger!"
Natasha claws you.
The crimson imp sputters.
The crimson imp blinks!
You closely miss Natasha.
Natasha is severely wounded.
Natasha claws you.
* * * LOW HITPOINT WARNING * * *
The ball python bites you but does no damage.
The ball python grabs you. The ball python constricts you.
Natasha closely misses you. The shadow imp spits at you.
Unknown command.
You barely miss Natasha.
Natasha is severely wounded.
The shadow imp is no longer paralysed.
The ball python bites you but does no damage.
The ball python constricts you. Natasha claws you.
* * * LOW HITPOINT WARNING * * *
Unknown command.
You aren't carrying any potions.
You hit Natasha but do no damage.
Natasha is severely wounded.
The ball python bites you but does no damage.
The ball python constricts you. The shadow imp barely misses you.
The shadow imp picks up a beetle and eats it.
The shadow imp hits you but does no damage.
Natasha claws you but does no damage. The ball python bites you.
You die...

#....#.#.#.. .#
#....+.#.#.# .#
##...###'#.# .####
#.........##....#######
####...>....# #........
#.....##.# #........
#.....##.# #.[......
#.....##.# #55.5....
....#.....###@S......
.###.#####.....h......
..#..†..###########
.###.....# #......[#
#.#....## # ######


You could see Natasha (very drained), a crimson imp (summoned), 2 shadow imps
and a ball python.

Vanquished Creatures
  Natasha (D:2)
  An adder (D:2)
  A dart slug (D:1)
  3 endoplasms
  2 giant cockroaches (D:1)
  A hobgoblin (D:1)
  A quokka (D:1)
  2 ball pythons (D:1)
  3 bats
  2 frilled lizards
  4 goblins
  3 kobolds (D:1)
  2 rats
26 creatures vanquished.

Notes
Turn   | Place    | Note
-------+----------+-------------------------------------------
     0 | D:1      | qeuew the Demonspawn Reaver began the quest for the Orb.
     0 | D:1      | Reached XP level 1. HP: 16/16 MP: 3/3
    29 | D:1      | Found Coebatop's Antique Armour Shop.
   107 | D:1      | Found Dizoch's Antique Armour Boutique.
   142 | D:1      | Found Tiojukap's Armour Shoppe.
   163 | D:1      | Found Buoll's Assorted Antiques.
   241 | D:1      | Gained mutation: Spells you cast may paralyse adjacent
                  | enemies. [demonic ancestry]
   241 | D:1      | Reached XP level 2. HP: 19/22 MP: 5/5
   679 | D:1      | Found Mitihocipt's Weapon Shop.
  1036 | D:2      | Gained mutation: You have sharp fingernails. [demonic
                  | ancestry]
  1036 | D:2      | Reached XP level 3. HP: 17/27 MP: 6/6
  1107 | D:2      | Noticed Natasha
  1119 | D:2      | Killed Natasha
  1120 | D:2      | Reached skill level 1 in Necromancy
  1334 | D:2      | Noticed Natasha
  1347 | D:2      | HP: 1/23 [Natasha (4)]
  1348 | D:2      | Slain by a ball python

Illustrated notes

Levels and vault maps discovered:
D:1:      onia_arrival_pyramid, layout_basic, serial_shops, shop,
          nicolae_shop_hallway_stairs, nicolae_shop_behind_doors,
          nicolae_shop_window_shopping, nicolae_diamond_shop, chequers_jeans
D:2:      layout_basic, minmay_pentomino_x2, uniq_natasha

Skill      XL: |  1  2  3 |
---------------+----------+-----
Dodging        | 2 |  2.1
Necromancy     | 1 |  1.0
Fighting       | |  2.3
Maces & Flails | |  2.9
Armour         | |  0.7
Spellcasting   | |  2.7
Conjurations   | |  3.2

Action                   || total
-------------------------++-------
Melee: Mace              ||    96
 Cast: Kiss of Death     ||     2
  Use: Scroll            ||     3
Armor: Leather armour    ||    37
Dodge: Dodged            ||    69

Table legend: (Time is in decaauts)
 A = Elapsed time spent in this place.
 B = Non-inter-level travel time spent in this place.
 C = Inter-level travel time spent in this place.
 D = Time resting spent in this place.
 E = Time spent auto-exploring this place.
 F = Levels seen in this place.
 G = Mean time per level.
                   A        B        C        D        E       F      G
               +--------+--------+--------+--------+--------+-----+--------+
         Total |   1372 |   1338 |     34 |    100 |   1046 |   2 |  686.0 |
       Dungeon |   1372 |   1338 |     34 |    100 |   1046 |   2 |  686.0 |
               +--------+--------+--------+--------+--------+-----+--------+

Top non-repeatable levels by time:
     D:1: 1022 daAuts
     D:2: 350 daAuts
